 Dungeon Crawl Stone Soup version 0.31-a0-232-gb1c03b2570 (webtiles) character file.

Game seed: 18151221564218398655

88 qw the Shooter (level 4, 0/36 HPs)
             Began as a Minotaur Hexslinger on July 7, 2023.
             Succumbed to a scorpion's poison
             ... on level 3 of the Dungeon.
             The game lasted 00:00:44 (2012 turns).

qw the Shooter (Minotaur Hexslinger)                Turns: 2012, Time: 00:00:45

Health: 0/36       AC:  4    Str: 12    XL:     4   Next: 29%
Magic:  4/4        EV: 12    Int: 10    God:
Gold:   155        SH:  0    Dex: 15    Spells: 4/5 levels left

rFire   . . .        Y - +1 sling
rCold   . . .        (no shield)
rNeg    . . .        d - +0 leather armour
rPois   .            (helmet restricted)
rElec   .            (no cloak)
rCorr   .            h - +0 pair of gloves
SInv    .            (no boots)
Will    .....        (no amulet)
Stlth   +            (no ring)
HPRegen 0.26/turn    (no ring)
MPRegen 0.09/turn

%: no passive effects
@: lethally poisoned (0 -> -10)
A: horns 2, retaliatory headbutt
a: no special abilities


You were on level 3 of the Dungeon.
You visited 1 branch of the dungeon, and saw 3 of its levels.

You collected 155 gold pieces.


Innate Abilities, Weirdness & Mutations

You have a pair of horns on your head.
You reflexively headbutt those who attack you in melee.


   Skills:
 - Level 2.0 Fighting
 + Level 4.8 Ranged Weapons
 - Level 2.1 Dodging
 - Level 1.0 Spellcasting
 - Level 2.0 Hexes


You had 4 spell levels left.
You knew the following spells:

 Your Spells              Type           Power      Damage    Failure   Level
a - Slow                  Hex            16%        N/A       19%         1

Your spell library contained the following spells:

 Spells                   Type           Power      Damage    Failure   Level
 Inner Flame              Hex/Fire       2%         N/A       65%         3
 Portal Projectile        Hex/Tloc       4%         N/A       65%         3
 Cause Fear               Hex            2%         N/A       88%         4

Inventory:

Hand Weapons
 Y - a +1 sling (weapon)
Armour
 d - a +0 leather armour (worn)
 h - a +0 pair of gloves (worn)
Scrolls
 c - a scroll of immolation {unknown}
Potions
 a - a potion of invisibility {unknown}
 b - a potion of resistance {unknown}
 e - a potion of curing {unknown}

Dungeon Overview and Level Annotations

Branches:
Dungeon (3/15)

Altars:


Message History

The scorpion barely misses you.
You shoot a sling bullet. The sling bullet hits the scorpion.
The scorpion is moderately wounded.
The scorpion stings you but does no damage.
The scorpion misses you.
You shoot a sling bullet.
The sling bullet closely misses the scorpion.
The scorpion stings you.
You shoot a sling bullet.
The sling bullet barely misses the scorpion.
The scorpion closely misses you.
You shoot a sling bullet. The sling bullet hits the scorpion.
The scorpion is heavily wounded.
The scorpion stings you. x2
You shoot a sling bullet.
The sling bullet completely misses the scorpion.
The scorpion stings you.
You are poisoned.
The scorpion poisons you!
You shoot a sling bullet. The sling bullet hits the scorpion.
The scorpion is heavily wounded.
You feel very sick. The scorpion misses you. x2
You shoot a sling bullet. The sling bullet hits the scorpion.
The scorpion is heavily wounded.
You feel sick.
The scorpion stings you but does no damage.
You shoot a sling bullet. The sling bullet hits the scorpion.
The scorpion is severely wounded.
You feel sick. The scorpion stings you. x2
You are lethally poisoned!
The scorpion poisons you!
You shoot a sling bullet. The sling bullet hits the scorpion.
The scorpion is almost dead.
You feel very sick. The scorpion stings you.
You shoot a sling bullet.
The sling bullet hits the scorpion but does no damage.
The scorpion is almost dead.
You die...

#
#####.##############
......s@...........#
..###.############.#
.. #.# ... #.# ...
##.## #.
#.#.#######...### #
................#
...###.###..)#.#
...##...###.##.##


You could see a scorpion.

Vanquished Creatures
  4 adders
  A dart slug (D:2)
  A worm (D:2)
  6 endoplasms
  5 hobgoblins
  4 jackals (D:2)
  2 kobolds
  A quokka (D:1)
  5 ball pythons
  7 bats
  4 frilled lizards
  2 goblins (D:2)
  7 rats
49 creatures vanquished.

Notes
Turn   | Place    | Note
-------+----------+-------------------------------------------
     0 | D:1      | qw the Minotaur Hexslinger began the quest for the Orb.
     0 | D:1      | Reached XP level 1. HP: 16/16 MP: 1/1
     0 | D:1      | 0 ||| qw: Version: 0.3-a-46-gb1f654a
     0 | D:1      | 0 ||| qw: Game counter: 2341
     0 | D:1      | 0 ||| qw: Melee chars always use a shield: true
     0 | D:1      | 0 ||| qw: God list: Okawaru
     0 | D:1      | 0 ||| qw: Allow faded altars: false
     0 | D:1      | 0 ||| qw: Do Orc after clearing Dungeon:15 true
     0 | D:1      | 0 ||| qw: Do second Lair branch before Depths: true
     0 | D:1      | 0 ||| qw: Lair rune preference: random
     0 | D:1      | 0 ||| qw: Goals: Normal
     0 | D:1      | 0 ||| PLANNING D:1-11
   373 | D:1      | Reached skill level 3 in Ranged Weapons
   373 | D:1      | Reached XP level 2. HP: 23/23 MP: 2/2
   428 | D:1      | Found a faded altar of an unknown god.
   881 | D:1      | 881 ||| UPGRADING to +0 leather armour.
   891 | D:1      | 891 ||| DROPPING +0 robe.
   892 | D:1      | 892 ||| DROPPING ring of magical power.
   893 | D:1      | 893 ||| READING scroll labelled TIDIGUIBOA.
   994 | D:1      | 994 ||| DROPPING scroll of poison.
  1078 | D:2      | HP: 4/24 [worm (10)]
  1080 | D:2      | HP: 1/24 [worm (3)]
  1117 | D:2      | 1117 ||| FLEEEEING.
  1118 | D:2      | 1118 ||| FLEEEEING.
  1119 | D:2      | 1119 ||| FLEEEEING.
  1123 | D:2      | 1123 ||| FLEEEEING.
  1124 | D:2      | 1124 ||| FLEEEEING.
  1125 | D:2      | 1125 ||| FLEEEEING.
  1135 | D:2      | 1135 ||| STAIRDANCE
  1225 | D:2      | Reached XP level 3. HP: 29/29 MP: 3/3
  1235 | D:2      | Reached skill level 4 in Ranged Weapons
  1250 | D:2      | 1250 ||| FLEEEEING.
  1255 | D:2      | 1255 ||| STAIRDANCE
  1524 | D:2      | Reached XP level 4. HP: 36/36 MP: 4/4
  1801 | D:2      | 1801 ||| DROPPING scarf of harm.
  1802 | D:2      | 1802 ||| UPGRADING to +0 pair of gloves.
  1807 | D:2      | 1807 ||| READING scroll labelled USACIL ZUNEBU.
  1873 | D:2      | 1873 ||| READING scroll labelled MOSCHU GAZAE.
  1874 | D:2      | 1874 ||| READING scroll labelled DAGEUNAADI.
  1996 | D:3      | Noticed a scorpion
  2010 | D:3      | HP: 8/36 [scorpion (2)]
  2011 | D:3      | HP: 2/36 [scorpion (2)]
  2012 | D:3      | Succumbed to a scorpion's poison

Levels and vault maps discovered:
D:1:      elethiomel_arrival_quiet, layout_basic, basic_ecumenical_altar,
          corner_web_ring, dreamdust_wishing_well, serial_bayou_pond_d,
          grunt_decor_mini_mirrors
D:2:      layout_loops_cross
D:3:      layout_loops_ring

Skill      XL: |  1  2  3 |
---------------+----------+-----
Ranged Weapons | 3 4 |  4.8
Fighting       | 2 |  2.0
Dodging        | |  2.1
Spellcasting   | |  1.0
Hexes          | |  2.0

Action                     |  1- 3 |  4- 6 || total
---------------------------+-------+-------++-------
   Fire: Sling             |   118 |    40 ||   158
    Use: Scroll            |     1 |     3 ||     4
 Armour: Robe              |     4 |       ||     4
         Leather armour    |     4 |     5 ||     9
  Dodge: Dodged            |    29 |    10 ||    39

Table legend:
 A = Non-vault XP
 B = Vault XP
 C = Vault XP percentage of total XP
 D = Non-vault monster count
 E = Vault monster count
 F = Vault count percentage of total count
                 A         B        C        D         E       F
            +---------+---------+-------+---------+---------+-------
      Total |     126 |       0 |   0.0 |      49 |       0 |   0.0
            +---------+---------+-------+---------+---------+-------
        D:1 |      32 |       0 |   0.0 |      19 |       0 |   0.0
        D:2 |      76 |       0 |   0.0 |      25 |       0 |   0.0
        D:3 |      18 |       0 |   0.0 |       5 |       0 |   0.0
            +---------+---------+-------+---------+---------+-------
